 Dungeon Crawl Stone Soup version 0.16-a0-4023-g001212b (webtiles) character file.

39 PolkaDot the Vexing (level 3, -2/24 HPs)
             Began as a Vampire Enchanter on Feb 18, 2015.
             Slain by Sigmund
             ... wielding a +0 scythe of flaming
              (13 damage)
             ... on level 2 of the Dungeon.
             The game lasted 00:02:51 (1244 turns).

PolkaDot the Vexing (Vampire Enchanter)             Turns: 1244, Time: 00:02:51

Health: -2/24      AC:  3    Str:  7    XL:     3   Next: 26%
Magic:  6/6        EV: 12    Int: 18    God:
Gold:   46         SH:  0    Dex: 14    Spells: 3 memorised, 0 levels left

rFire  . . .     SeeInvis +     a - +1 dagger
rCold  + . .     Clarity  .     b - +1 robe
rNeg   + + .     SustAb   .     (no shield)
rPois  +         Gourm    .     (no helmet)
rElec  .         Spirit   .     (no cloak)
rCorr  .         Warding  .     (no gloves)
rMut   .         Stasis   .     (no boots)
MR     .....                    g - amulet of rage
Stlth  +.........               (no ring)
                                (no ring)

@: confused, very slightly contaminated, regenerating slowly, hasted, very
quick, not resistant to hostile enchantments, very unstealthy
A: bottle blood, fangs 3, see invisible, unbreathing
a: Bat Form, Evoke Berserk Rage


You were on level 2 of the Dungeon.
You were very thirsty.

You visited 1 branch of the dungeon, and saw 2 of its levels.

You collected 46 gold pieces.

Inventory:

Hand weapons
 a - a +1 dagger (weapon)
Armour
 b - a +1 robe (worn)
Jewellery
 g - an amulet of rage (around neck)
Scrolls
 i - 2 scrolls of identify {unknown}
Potions
 d - a potion of blood {@*1}
Books
 c - a book of Maledictions

   Spells                             Type                      Level
   a - Corona                         Hexes                        1
   b - Sure Blade                     Hexes/Charms                 2
   c - Ensorcelled Hibernation        Hexes/Ice                    2
   d - Confuse                        Hexes                        3
   e - Dazzling Spray                 Conjuration/Hexes            3
   f - Enslavement                    Hexes                        4


   Skills:
 + Level 2.3 Short Blades
 - Level 2.1 Dodging
 + Level 4.5 Stealth
 - Level 2.0 Spellcasting
 * Level 5.6 Hexes


You couldn't memorise any spells.
You knew the following spells:

 Your Spells              Type           Power        Failure   Level  Hunger
a - Corona                Hex            ###....      1%          1    #......
c - Confuse               Hex            ###.....     6%          3    ###....
d - Ensorcelled Hibernat  Hex/Ice        ##....       12%         2    ###....


Dungeon Overview and Level Annotations

Branches:
Dungeon (2/15)

Altars:

Annotations:
D:2 Sigmund


Innate Abilities, Weirdness & Mutations

You heal slowly.
You can bottle blood from corpses.
You have razor-sharp teeth.
You have supernaturally acute eyesight.
You can survive without breathing.


Message History

Drink which item? (? for menu, Esc to quit)
It was a potion of magic.
Magic courses through your body.
Sigmund hits you with a scythe of flaming.
* * * LOW HITPOINT WARNING * * *
Sigmund burns you.
* * * LOW HITPOINT WARNING * * *
Drink which item? (? for menu, Esc to quit)
It was a potion of restore abilities.
You feel refreshed. Sigmund closely misses you.
Drink which item? (? for menu, Esc to quit)
It was a potion of haste.
You feel yourself speed up.
Drink which item? (? for menu, Esc to quit)
Okay, then.
You hit Sigmund but do no damage. Sigmund barely misses you.
You swing at nothing.
You're too confused!
You swing at nothing.
Sigmund hits you with a scythe of flaming!
Ouch! That really hurt!
You die...

.........<...........# #.#
######.#######.#####.###.########
#.# #.....#.>........... #)#
#####.#####.######## #.# #.%# #.#
#.# #..# #.# #.# #..# #.# . #.#
######..# #.# . #.# #...@@..#
##.# . ######.# #.###.### #..# .
.......# ..# #(## . .####### #.##
#.# ##. .# .. #.#######.. .# #.#
#........). .#######
#.########.######..# ........
.................... #.######
.########.#####..##


You could see Sigmund.

Vanquished Creatures
  A giant mite (D:2)
  3 giant geckos
  A ball python (D:1)
  3 giant cockroaches (D:1)
  5 goblins
  A hobgoblin (D:1)
  3 kobolds (D:2)
  5 bats
  2 giant newts (D:1)
  4 rats (D:1)
28 creatures vanquished.

Notes
Turn   | Place    | Note
--------------------------------------------------------------
     0 | D:1      | PolkaDot, the Vampire Enchanter, began the quest for the Orb.
     0 | D:1      | Reached XP level 1. HP: 13/13 MP: 3/3
   285 | D:1      | Reached skill level 5 in Hexes
   290 | D:1      | Reached XP level 2. HP: 19/19 MP: 2/4
   312 | D:1      | Learned a level 2 spell: Ensorcelled Hibernation
  1034 | D:2      | Reached XP level 3. HP: 24/24 MP: 6/6
  1039 | D:2      | Learned a level 3 spell: Confuse
  1234 | D:2      | Noticed Sigmund
  1244 | D:2      | Slain by Sigmund

Action                   || total
-------------------------++-------
Melee: Dagger            ||    79
 Cast: Corona            ||     3
       Ensorcelled Hiber ||    13
  Use: Potion            ||     3
 Stab: Sleeping          ||    14
